 Dungeon Crawl Stone Soup version 0.31-a0-1237-gabc64e778c (webtiles) character file.

Game seed: 8981658625664253625

210 tilp the Sneak (level 5, -2/38 HPs)
             Began as a Vampire Enchanter on Dec 15, 2023.
             Slain by an orc
             ... wielding a +0 hand axe
              (6 damage)
             ... on level 3 of the Dungeon.
             The game lasted 00:04:17 (2509 turns).

tilp the Sneak (Vampire Enchanter)                  Turns: 2509, Time: 00:04:17

Health: -2/38      AC:  2    Str:  7    XL:     5   Next: 57%
Magic:  1/8        EV: 13    Int: 19    God:
Gold:   179        SH:  0    Dex: 15    Spells: 4/9 levels left

rFire   . . .        a - +1 dagger
rCold   . . .        (no shield)
rNeg    . . .        k - +0 robe
rPois   .            (no helmet)
rElec   .            (no cloak)
rCorr   .            (no gloves)
SInv    +            (no boots)
Will    .....        (no amulet)
Stlth   +++          (no ring)
HPRegen 0.46/turn    (no ring)
MPRegen 0.11/turn

%: no passive effects
@: very slightly contaminated, healing quickly
A: alive, fangs 3, see invisible, vampiric 2
a: Exsanguinate


You were on level 3 of the Dungeon.
You visited 1 branch of the dungeon, and saw 4 of its levels.

You collected 179 gold pieces.

Inventory:

Hand Weapons
 a - a +1 dagger (weapon)
 b - a +0 falchion of electrocution
Missiles
 c - 6 poisoned darts (quivered)
Armour
 k - a +0 robe (worn)
Scrolls
 h - a scroll of poison
 i - a scroll of noise {unknown}
 j - a scroll of blinking
Potions
 d - a potion of might
 e - 2 potions of resistance
 f - a potion of mutation {unknown}
 g - a potion of heal wounds


   Skills:
 * Level 2.2 Fighting
 * Level 3.0 Short Blades
 + Level 2.9 Dodging
 + Level 5.4 Stealth
 + Level 2.6 Spellcasting
 + Level 5.2 Hexes


You had 4 spell levels left.
You knew the following spells:

 Your Spells              Type           Power      Damage    Failure   Level
a - Ensorcelled Hibernat  Hex/Ice        24%        N/A       9%          2
b - Confusing Touch       Hex            22%        N/A       5%          3

Your spell library contained the following spells:

 Spells                   Type           Power      Damage    Failure   Level
 Tukima's Dance           Hex            22%        N/A       5%          3
 Dazzling Flash           Conj/Hex       24%        N/A       16%         3
 Ozocubu's Armour         Ice            2%         N/A       43%         3
 Volatile Blastmotes      Fire/Tloc      4%         2d10      43%         3
 Fulminant Prism          Conj/Hex       6%         3d7       47%         4
 Iskenderun's Mystic Bla  Conj/Tloc      2%         2d3       85%         4
 Vhi's Electric Charge    Tloc/Air       4%         N/A       85%         4
 Arcjolt                  Conj/Air       1%         1d11      99%         5
 Plasma Beam              Fire/Air       1%         2x1d11    100%        6
 Ozocubu's Refrigeration  Ice            1%         4d7       100%        7


Dungeon Overview and Level Annotations

Branches:
Dungeon (4/15)
 Temple: D:4-7

Altars:
Okawaru
Sif Muna

Shops:
D:1 (   D:2 (

Annotations:
D:4 Ijyb


Innate Abilities, Weirdness & Mutations

Your natural rate of healing is accelerated.
You have razor-sharp teeth.
You have supernaturally acute eyesight. (SInv)
You are afflicted with vampirism and can become a bat while bloodless.


Message History

You are very lightly contaminated with residual magic.
Nothing appears to happen.
The orc hits you with a +0 hand axe!
The orc wizard hits you with a +0 dagger.
* * * LOW HITPOINT WARNING * * *
Casting: Ensorcelled Hibernation (safe; 9% risk of failure)
Confirm with . or Enter, or press ? or * to list all spells.
Aiming: Ensorcelled Hibernation (safe; 9% risk of failure)
Press: ? - help, Shift-Dir - straight line, f/p - orc wizard
Aim: an orc wizard, wielding a +0 dagger and wearing a +0 robe (moderately wounded, slightly transparent, chance to affect: 46%)
The orc wizard resists with some effort.
The orc misses you.
The orc wizard hits you with a +0 dagger.
* * * LOW HITPOINT WARNING * * *
Casting: Ensorcelled Hibernation (safe; 9% risk of failure)
Confirm with . or Enter, or press ? or * to list all spells.
Aiming: Ensorcelled Hibernation (safe; 9% risk of failure)
Press: ? - help, Shift-Dir - straight line, f/p - orc wizard
Aim: an orc wizard, wielding a +0 dagger and wearing a +0 robe (moderately wounded, slightly transparent, chance to affect: 46%)
The orc wizard looks drowsy...
The orc misses you.
Unknown command.
The helpless orc wizard fails to defend itself.
You impale the orc wizard!!
You kill the orc wizard!
Unknown command.
You hit the orc.
The orc is lightly wounded.
The orc hits you with a +0 hand axe.
* * * LOW HITPOINT WARNING * * *
You barely miss the orc.
The orc is lightly wounded.
The orc closely misses you.
You barely miss the orc.
The orc is lightly wounded.
The orc hits you with a +0 hand axe.
* * * LOW HITPOINT WARNING * * *
The orc closely misses you.
You hit the orc.
The orc is moderately wounded.
The orc hits you with a +0 hand axe.
You die...

..#
###.........<########
..###...#........#
........#........#
..##.##.#........#
...#.##.#........#
.........#######.#
....###...# #.#
....####..######o#
...............o@#
....##############
....# ....# ....#
#####


You could see 2 orcs.

Vanquished Creatures
  2 iguanas (D:4)
  An orc wizard (D:3)
  8 adders
  2 worms (D:2)
  3 dart slugs
  4 orcs (D:4)
  5 bats
  2 endoplasms
  2 giant cockroaches
  5 goblins
  4 hobgoblins
  2 jackals (D:2)
  2 kobolds
  6 quokkas
  8 ball pythons
  3 frilled lizards
  2 rats (D:1)
61 creatures vanquished.

Notes
Turn   | Place    | Note
-------+----------+-------------------------------------------
     0 | D:1      | tilp the Vampire Enchanter began the quest for the Orb.
     0 | D:1      | Reached XP level 1. HP: 13/13 MP: 3/3
    87 | D:1      | Reached XP level 2. HP: 20/20 MP: 5/5
   101 | D:1      | HP: 1/20 [quokka (2)]
   113 | D:1      | Learned a level 2 spell: Ensorcelled Hibernation
   245 | D:1      | Reached skill level 1 in Fighting
   254 | D:1      | Found Mecef's Antique Weapon Shoppe.
   454 | D:2      | Found Ottior's Antique Weapon Boutique.
   468 | D:2      | Gained mutation: You are afflicted with vampirism and can
                  | become a bat while bloodless. [Vampire growth]
   468 | D:2      | Reached XP level 3. HP: 26/26 MP: 6/6
   478 | D:2      | Learned a level 3 spell: Confusing Touch
   866 | D:2      | Reached XP level 4. HP: 30/32 MP: 0/7
   990 | D:2      | Reached skill level 5 in Stealth
  1464 | D:3      | Reached skill level 5 in Hexes
  1921 | D:3      | Found an iron altar of Okawaru.
  2108 | D:3      | Found a shimmering blue altar of Sif Muna.
  2249 | D:4      | Reached XP level 5. HP: 38/38 MP: 5/8
  2493 | D:4      | Noticed Ijyb
  2509 | D:3      | Slain by an orc

Illustrated notes

Levels and vault maps discovered:
D:1:      lemuel_arrival_rhombus, layout_rooms, serial_shops, shop
D:2:      layout_loops_cross, serial_shops, nicolae_shop_hallway_stairs
D:3:      layout_rooms, okawaru_gym_becter, lemuel_blue_sif_altar
D:4:      layout_rooms, serial_shops, nicolae_shop_tiny_real_fake_doors,
          minmay_misc_feat_cross, eino_tiny_chamber, guppyfry_early_lair_pool,
          uniq_menkaure, uniq_ijyb

Skill      XL: |  1  2  3  4  5 |
---------------+----------------+-----
Fighting       | 1 2 |  2.2
Short Blades   | 2 3 |  3.0
Stealth        | 5 |  5.4
Hexes          | 5 |  5.2
Dodging        | |  2.9
Spellcasting   | |  2.6

Action                     |  1- 3 |  4- 6 || total
---------------------------+-------+-------++-------
  Melee: Dagger            |   129 |    57 ||   186
         Bite              |     4 |     5 ||     9
   Cast: Ensorcelled Hiber |     8 |    23 ||    31
    Use: Potion            |     2 |       ||     2
         Scroll            |       |     7 ||     7
   Stab: Sleeping          |    15 |    20 ||    35
         Invisible         |     1 |       ||     1
 Armour: Robe              |    67 |    35 ||   102
  Dodge: Dodged            |    86 |    28 ||   114

Table legend: (Time is in decaauts)
 A = Elapsed time spent in this place.
 B = Non-inter-level travel time spent in this place.
 C = Inter-level travel time spent in this place.
 D = Time resting spent in this place.
 E = Time spent auto-exploring this place.
 F = Levels seen in this place.
 G = Mean time per level.
                   A        B        C        D        E       F      G
               +--------+--------+--------+--------+--------+-----+--------+
         Total |   2491 |   2409 |     82 |    303 |   1527 |   4 |  622.8 |
       Dungeon |   2491 |   2409 |     82 |    303 |   1527 |   4 |  622.8 |
               +--------+--------+--------+--------+--------+-----+--------+

Top non-repeatable levels by time:
     D:2: 991 daAuts
     D:3: 684 daAuts
     D:1: 447 daAuts
     D:4: 369 daAuts
